 Dungeon Crawl Stone Soup version 0.32-a0-899-geb5ba95c15 (webtiles) character file.

Game seed: 3713452614798762421

88 Revguard the Trooper (level 4, -6/29 HPs)
             Began as a Gargoyle Fighter on Apr 5, 2024.
             Killed by divine providence
             ... invoked by an orc priest
              (12 damage)
             ... on level 3 of the Dungeon.
             The game lasted 00:05:30 (2253 turns).

Revguard the Trooper (Gargoyle Fighter)             Turns: 2253, Time: 00:05:30

Health: -6/29      AC: 15    Str: 20    XL:     4   Next: 53%
Magic:  4/4        EV:  5    Int:  8    God:
Gold:   90         SH:  4    Dex: 11    Spells: 3/3 levels left

rFire   . . .        d - +2 mace (protect)
rCold   . . .        c - +0 buckler
rNeg    + . .        p - +0 plate armour
rPois   ∞            (no helmet)
rElec   +            (no cloak)
rCorr   .            (no gloves)
SInv    .            (no boots)
Will    .....        (no amulet) Stlth
                     (no ring)
HPRegen 0.24/turn    (no ring)
MPRegen 0.09/turn

%: no passive effects
@: attractive
A: sickness immunity, AC +3, negative energy resistance 1, electricity
resistance, torment resistance 1, petrification resistance
a: Convert to Beogh


You were on level 3 of the Dungeon.
You visited 1 branch of the dungeon, and saw 3 of its levels.

You collected 90 gold pieces.

Inventory:

Hand Weapons
 a - a +0 war axe
 d - a +2 mace of protection (weapon)
Armour
 b - a +0 scale mail
 c - a +0 buckler (worn)
 p - a +0 plate armour (worn)
Jewellery
 g - a ring of positive energy
 i - a ring of flight
 j - a ring of ice
 m - a ring of see invisible
Scrolls
 f - 4 scrolls of identify {unknown}
 h - a scroll of brand weapon {unknown}
 o - 2 scrolls of fog {unknown}
 r - a scroll of enchant armour {unknown}
Potions
 e - a potion of heal wounds {unknown}
 k - 2 potions of berserk rage {unknown}
 l - a potion of cancellation {unknown}
 n - a potion of curing {unknown}
 q - a potion of might
 s - a potion of attraction


   Skills:
 + Level 3.8 Fighting
 - Level 2.2(2.3) Axes
 + Level 0.1(1.5) Maces & Flails
 + Level 3.6 Armour
 + Level 1.0 Dodging
 + Level 3.7 Shields
 + Level 1.1 Invocations
 + Level 1.0 Evocations


You had 3 spell levels left.
You didn't know any spells.
Your spell library was empty.

Dungeon Overview and Level Annotations

Branches:
Dungeon (3/15)

Altars:

Shops:
D:1 :*(*[


Innate Abilities, Weirdness & Mutations

You are immune to sickness and miasma.
Your stone body is resilient. (AC +3)
You are immune to poison.
You resist negative energy. (rN+)
You are resistant to electric shocks. (rElec)
You are resistant to unholy torment.
You are immune to petrification.


Message History

Found a club.
You completely miss the quokka.
The quokka bites you but does no damage.
You block the quokka's attack.
You closely miss the quokka.
The quokka bites you but does no damage.
You hit the quokka.
Your weapon exudes an aura of protection.
You kill the quokka!
You now have 90 gold pieces (gained 7).
An orc priest comes into view. It is wielding a +0 short sword.
The orc priest shouts!
An orc comes into view. It is wielding a +0 short sword.
Found 16 gold pieces.
The orc shouts!
You hear a shout!
An orc comes into view. It is wielding a +0 short sword.
There are monsters nearby!
The orc priest mumbles some strange prayers to Beogh against you.
Pain shoots through your body!
Found a ring mail and an inky potion.
The orc priest invokes the aid of Beogh against you.
Pain shoots through your body!
The orc priest shouts, "Beogh offers mercy even to people such as you.
Join us and be reborn!" (press Y on the ability menu to convert to Beogh)
The orc priest calls down the wrath of Beogh upon you.
Beogh smites you!
* * * LOW HITPOINT WARNING * * *
You closely miss the orc priest.
The orc priest hits you with a +0 short sword.
* * * LOW HITPOINT WARNING * * *
The orc closely misses you.
You barely miss the orc priest.
The orc priest miscasts a cantrip.
The orc hits you but does no damage.
It was a potion of attraction.
You feel attractive to monsters. The orc hits you but does no damage.
The orc priest invokes the aid of Beogh against you.
Beogh smites you!
You die...

#..#######..#.# #
##$⌠$###.#
##.....##.#
#.......#.#
#.ß...ß.#.#
#.....o.#.#
#.......#.#
#.....oo#.#
#.ß...ß@#.#
.#.......#.#
...........#
[......##........
......! ..####...
#######.### . #.
#


You could see an orc priest and 2 orcs.

Vanquished Creatures
  Robin (D:2)
  2 adders (D:2)
  2 dart slugs (D:2)
  5 endoplasms
  3 giant cockroaches (D:2)
  14 goblins
  3 hobgoblins
  2 jackals (D:1)
  A quokka (D:3)
  2 ball pythons
  A bat (D:2)
  4 frilled lizards
  7 kobolds
  2 rats (D:1)
49 creatures vanquished.

Notes
Turn   | Place    | Note
-------+----------+-------------------------------------------
     0 | D:1      | Revguard the Gargoyle Fighter began the quest for the Orb.
     0 | D:1      | Reached XP level 1. HP: 14/14 MP: 1/1
    74 | D:1      | Reached XP level 2. HP: 15/19 MP: 2/2
   125 | D:1      | Found Jydifof's General Store.
   214 | D:1      | Found Zucriha's Book Boutique.
   315 | D:1      | Found Zatyim's General Store.
   571 | D:1      | Found Urerhex's Weapon Shoppe.
   905 | D:1      | Found Piyfil's Antique Armour Shop.
  1259 | D:2      | Reached XP level 3. HP: 22/23 MP: 3/3
  1353 | D:2      | Found a faded altar of an unknown god.
  1399 | D:2      | Noticed Robin
  1418 | D:2      | Killed Robin
  1423 | D:2      | Reached skill level 1 in Dodging
  1423 | D:2      | Reached skill level 1 in Invocations
  1432 | D:2      | Reached XP level 4. HP: 8/29 MP: 4/4
  1644 | D:2      | Reached skill level 1 in Evocations
  2253 | D:3      | Killed from afar by an orc priest

Illustrated notes

Levels and vault maps discovered:
D:1:      scummos_arrival_simple_crosswalls, layout_basic, serial_forest,
          infiniplex_forest_clump_medium, infiniplex_forest_straight_3,
          infiniplex_forest_end_3, infiniplex_forest_end_1,
          infiniplex_forest_join, infiniplex_forest_lined_2,
          infiniplex_forest_lined_corner, infiniplex_forest_lined_room_2,
          infiniplex_forest_lined_1, infiniplex_forest_end_1, serial_shops,
          shop, shop, shop, shop, shop, nrook_mini_backslash
D:2:      layout_loops_ring, shapermc_ecumenical_altar_notcrosses,
          minmay_misc_feat_four_crosses, minmay_hedge_maze, kennysheep_boxes,
          uniq_crazy_yiuf_cottage, uniq_robin
D:3:      cheibrodos_pilgrimage, layout_basic,
          chequers_temple_overflow_minitemple, saegor_snake_ambush

Skill      XL: |  1  2  3  4 |
---------------+-------------+-----
Axes           | 2 |  2.2
Dodging        | 1 |  1.0
Invocations    | 1 |  1.1
Evocations     | 1 |  1.0
Fighting       | |  3.8
Maces & Flails | |  0.1
Armour         | |  3.6
Shields        | |  3.7

Action                     |  1- 3 |  4- 6 || total
---------------------------+-------+-------++-------
  Melee: War axe           |   131 |    12 ||   143
         Mace              |       |    21 ||    21
    Use: Potion            |     1 |     1 ||     2
 Armour: Scale mail        |   141 |     3 ||   144
         Plate armour      |       |    21 ||    21
  Dodge: Dodged            |    76 |     6 ||    82
  Block: Buckler           |    38 |     9 ||    47

Table legend: (Time is in decaauts)
 A = Elapsed time spent in this place.
 B = Non-inter-level travel time spent in this place.
 C = Inter-level travel time spent in this place.
 D = Time resting spent in this place.
 E = Time spent auto-exploring this place.
 F = Levels seen in this place.
 G = Mean time per level.
                   A        B        C        D        E       F      G
               +--------+--------+--------+--------+--------+-----+--------+
         Total |   2354 |   2287 |     67 |      0 |   1827 |   3 |  784.7 |
       Dungeon |   2354 |   2287 |     67 |      0 |   1827 |   3 |  784.7 |
               +--------+--------+--------+--------+--------+-----+--------+

Top non-repeatable levels by time:
     D:1: 1273 daAuts
     D:2: 1038 daAuts
     D:3: 42 daAuts
